 Dungeon Crawl Stone Soup version 0.24.0-35-gdb84b6a5db (webtiles) character file.

Game seed: 9165614083855758301, levelgen mode: deterministic

384 Katsumi the Transmogrifier (level 6, -3/25 HPs)
             Began as a Felid Transmuter on Nov 19, 2019.
             Was a Believer of Lugonu.
             Slain by an adder (4 damage)
             ... on level 7 of the Dungeon.
             The game lasted 00:19:45 (12710 turns).

Katsumi the Transmogrifier (Felid Transmuter)      Turns: 12710, Time: 00:19:45

Health: -3/25      AC:  2    Str:  6    XL:     6   Next: 47%
Magic:  14/14      EV: 18    Int: 20    God:    Lugonu [**....]
Gold:   359        SH:  0    Dex: 16    Spells: 1/15 levels left
                                        Lives:  0   Deaths: 2

rFire    . . .     SeeInvis +     - Unarmed
rCold    . . .     Gourm    .   (shield unavailable)
rNeg     . . .     Faith    +   (armour unavailable)
rPois    .         Spirit   .   (helmet unavailable)
rElec    .         Reflect  .   (cloak unavailable)
rCorr    .         Harm     .   (gloves unavailable)
MR       .....                  (boots unavailable)
Stlth    ++........             b - amulet of faith
HPRegen  0.08/turn              d - +3 ring of intelligence
MPRegen  0.14/turn              (no ring)

@: lethally poisoned (-3 -> -7), quick
A: very small, no armour, no weapons or thrown items, stealth, claws 1, fangs 3,
see invisible, carnivore, speed 1, shaggy fur 2, slow metabolism 1, sharp paws
a: Depart the Abyss, Bend Space, Renounce Religion


You were on level 7 of the Dungeon.
You worshipped Lugonu.
Lugonu was pleased with you.
You were not hungry.

You visited 2 branches of the dungeon, and saw 8 of its levels.
You visited the Abyss 1 time.

You collected 359 gold pieces.

Inventory:

Missiles
 a - 19 arrows
Jewellery
 b - an amulet of faith (around neck)
 d - a +3 ring of intelligence (left paw)
 m - an uncursed ring of ice
Wands
 e - a wand of flame (20)
Scrolls
 f - 3 scrolls of amnesia
 g - 2 scrolls of blinking
 h - 2 scrolls of enchant armour {unknown}
 i - a scroll of enchant weapon {unknown}
 k - 2 scrolls of teleportation
 o - 2 scrolls of fog {unknown}
 q - a scroll of remove curse {unknown}
 s - a scroll of magic mapping {unknown}
 t - 2 scrolls of immolation {unknown}
 v - a scroll of random uselessness {unknown}
Potions
 j - a potion of flight
 l - 2 potions of might {unknown}
 n - 2 potions of agility
 p - a potion of magic
 r - a potion of heal wounds
 u - a potion of cancellation {unknown}
Comestibles
 c - 8 rations


   Skills:
 - Level 1.0 Fighting
 - Level 2.6 Dodging
 - Level 3.0 Unarmed Combat
 + Level 5.2 Spellcasting
 * Level 3.3 Hexes
 + Level 4.8 Summonings
 - Level 8.1 Transmutations


You had one spell level left.
You knew the following spells:

 Your Spells              Type           Power        Failure   Level  Hunger
a - Beastly Appendage     Tmut           #####.       1%          1    None
b - Sticks to Snakes      Tmut           #####...     1%          2    None
c - Blade Hands           Tmut           #####.....   11%         5    #####..
d - Summon Butterflies    Summ           ###.....     1%          1    None
e - Summon Mana Viper     Hex/Summ       ###.....     52%         5    #####..

Your spell library contained the following spells:

 Spells                   Type           Power        Failure   Level  Hunger
 Call Canine Familiar     Summ           ###.....     4%          3    ##.....
 Spider Form              Tmut/Pois      ###.......   6%          3    ##.....
 Ice Form                 Ice/Tmut       ###.....     22%         4    ####...
 Summon Ice Beast         Ice/Summ       ##......     38%         4    ####...
 Summon Hydra             Summ           ###.......   100%        7    #######


Dungeon Overview and Level Annotations

Branches:
Dungeon (7/15)             Temple (1/1) D:6

Altars:
Ashenzari
Cheibriados
Dithmenos
Elyvilon
Fedhas
Gozag
Hepliaklqana
Kikubaaqudgha
Makhleb
Nemelex Xobeh
Okawaru
Qazlal
Ru
Trog
Wu Jian
Xom
Yredelemnul
Zin
Lugonu

Annotations:
D:7 Joseph, Menkaure


Innate Abilities, Weirdness & Mutations

You cannot wear armour.
You are incapable of wielding weapons or throwing items.
Your paws allow you to move quietly. (Stealth)
You have sharp claws.
You have razor-sharp teeth.
You have supernaturally acute eyesight. (SInv)
You are carnivorous and can eat meat at any time.
You cover ground quickly.
You are covered in thick fur. (AC +2)
You have a slow metabolism.
Your sharp claws are effective at attacking unaware monsters.


Message History

The adder poisons you! The orc closely misses you.
You feel sick. The adder bites you. The adder closely misses you.
The orc closely misses you. The adder barely misses you.
The orc hits you with a +0 club.
You feel sick. The adder misses you. The orc misses you.
The adder bites you but does no damage. The adder bites you.
* * * LOW HITPOINT WARNING * * *
The orc hits you with a +0 club.
* * * LOW HITPOINT WARNING * * *
The adder misses you.
* * * LOW HITPOINT WARNING * * *
You feel sick. The orc barely misses you. The adder misses you.
The adder bites you.
* * * LOW HITPOINT WARNING * * *
The orc misses you. The adder misses you.
* * * LOW HITPOINT WARNING * * *
You feel sick. The orc barely misses you.
The adder bites you but does no damage. The adder bites you.
You die...

##############
......S@.....#
.[..####o###.#
.............#
....#.♣.♣.#..#
.............#
##..♣.♣.♣.♣..#
#....._.....#
#..♣.♣.♣.♣.##
#..........#


You could see an adder and an orc.

Vanquished Creatures
  A hungry ghost (D:7)
  A sky beast (D:5)
  An ogre (D:6)
  A bullfrog (D:7)
  A wyvern zombie (D:6)
  2 crimson imps
  A bullfrog zombie (D:6)
  4 hounds
  A jelly (D:6)
  6 orc wizards
  2 orc priests
  3 centaur skeletons
  2 worker ants
  A worker ant zombie (D:5)
  6 adders
  4 gnolls
  2 adder skeletons (D:4)
  5 worms
  2 dart slugs (D:1)
  4 leopard geckos
  23 orcs
  5 giant cockroaches
  7 goblins
  6 hobgoblins
  4 jackals (D:1)
  9 kobolds
  2 quokkas
  2 ball pythons
  12 bats
  5 frilled lizards
  A jackal zombie (D:5)
  A quokka zombie (D:5)
  5 rats
  A rat zombie (D:4)
133 creatures vanquished.

Vanquished Creatures (collateral kills)
  3 ogres
  A howler monkey (D:4)
  An adder (D:2)
5 creatures vanquished.

Grand Total: 138 creatures vanquished

Notes
Turn   | Place    | Note
-------+----------+-------------------------------------------
     0 | D:1      | Katsumi the Felid Transmuter began the quest for the Orb.
     0 | D:1      | Reached XP level 1. HP: 9/9 MP: 4/4
   601 | D:1      | Reached skill level 3 in Transmutations
   607 | D:1      | Reached XP level 2. HP: 10/12 MP: 4/6
   828 | D:1      | Learned a level 2 spell: Sticks to Snakes
  1237 | D:1      | Reached XP level 3. HP: 15/15 MP: 7/7
  1335 | D:1      | Reached skill level 4 in Transmutations
  2951 | D:2      | Reached XP level 4. HP: 19/19 MP: 3/8
  3117 | D:2      | Reached skill level 5 in Transmutations
  3267 | D:2      | Cast into level 1 of the Abyss (gnoll)
  3303 | D:2      | Escaped the Abyss
  3360 | D:1      | Learned a level 1 spell: Summon Butterflies
  3801 | D:2      | Found a white marble altar of Elyvilon.
  4233 | D:3      | Found a stormy altar of Qazlal.
  6094 | D:4      | Found an ornate altar of the Wu Jian Council.
  6125 | D:4      | Reached XP level 5. HP: 18/22 MP: 7/9
  6308 | D:4      | Noticed an ogre
  6445 | D:3      | Learned a level 5 spell: Blade Hands
  6484 | D:4      | Reached skill level 6 in Transmutations
  6582 | D:4      | Found a basalt altar of Yredelemnul.
  6694 | D:4      | Noticed an ogre
  6711 | D:4      | Killed an ogre
  6711 | D:4      | Gained mutation: You are covered in thick fur. (AC +2)
                  | [Felid growth]
  6711 | D:4      | Reached XP level 6. HP: 25/25 MP: 7/11
  6871 | D:4      | Found an ancient bone altar of Kikubaaqudgha.
  6913 | D:5      | Entered Level 5 of the Dungeon
  7915 | D:5      | Reached skill level 7 in Transmutations
  7915 | D:5      | Reached XP level 7. HP: 28/28 MP: 6/14
  8346 | D:5      | Found a snail-covered altar of Cheibriados.
  8662 | D:5      | Found a hazy altar of Hepliaklqana.
  8663 | D:5      | Found a shimmering altar of Xom.
  8664 | D:5      | Noticed a spectral ugly thing
  9577 | D:6      | Reached skill level 5 in Spellcasting
  9621 | D:6      | Found a staircase to the Ecumenical Temple.
  9627 | Temple   | Entered the Ecumenical Temple
  9655 | Temple   | Became a worshipper of Ru the Awakened
  9690 | Temple   | Fell from the grace of Ru
  9690 | Temple   | Became a worshipper of Lugonu the Unformed
  9690 | Temple   | Reached * piety under Lugonu
  9982 | D:6      | Reached skill level 1 in Summonings
  9982 | D:6      | Reached skill level 8 in Transmutations
 10346 | D:6      | Reached XP level 8. HP: 27/32 MP: 10/16
 10425 | D:6      | Found a shadowy altar of Dithmenos.
 11783 | D:5      | Learned a level 5 spell: Summon Mana Viper
 12180 | D:6      | Found a sparkling altar of Nemelex Xobeh.
 12212 | D:6      | Found a blossoming altar of Fedhas.
 12360 | D:7      | Noticed Joseph
 12622 | D:7      | Noticed Menkaure
 12639 | D:7      | Reached ** piety under Lugonu
 12644 | D:7      | Killed from afar by an orc priest
 12645 | D:7      | Reached XP level 7. HP: -2/28 MP: 14/15
 12657 | D:7      | Slain by a black bear
 12658 | D:7      | Reached XP level 6. HP: -1/25 MP: 14/14
 12658 | D:7      | Found an iron altar of Okawaru.
 12709 | D:7      | HP: 1/25 [poisoned by an adder]
 12710 | D:7      | Slain by an adder

Levels and vault maps discovered:
D:1:      dpeg_arrival_simpleton_a, layout_basic
D:2:      layout_loops_corners, lemuel_coloured_pillars_altar
D:3:      layout_basic, nicolae_qazlal_general_emergency, first_ration
D:4:      layout_loops_cross, nicolae_overflow_crystal_walls,
          lemuel_zombie_altar_kikubaaqudgha, old_standard_altar
D:5:      layout_loops_cross, regret_index_temple_of_mockery,
          kennysheep_mini_moat
D:6:      layout_basic, nemelex_xobeh_ov_fountains_minmay,
          kennysheep_little_box, minmay_temple_entry_ruins, fedhas_altar_2
D:7:      layout_rooms, okawaru_trees_1, uniq_menkaure, uniq_joseph
Temple:   corrupted_temple

Skill      XL: |  1  2  3  4  5  6  7  8 |
---------------+-------------------------+-----
Transmutations | 3 4 5 6 7 8 |  8.1
Spellcasting   | 3 4 5 |  5.2
Summonings     | 2 4 |  4.8
Hexes          | 3 |  3.3
Fighting       | |  1.0
Dodging        | |  2.6
Unarmed Combat | |  3.0

Action                   |  1- 3 |  4- 6 |  7- 9 || total
-------------------------+-------+-------+-------++-------
Melee: Unarmed           |   145 |   197 |   116 ||   458
       Bite              |     8 |    11 |    10 ||    29
       Headbutt          |    17 |    30 |     1 ||    48
       Punch             |     1 |     1 |       ||     2
 Cast: Beastly Appendage |    39 |    36 |     3 ||    78
       Sticks to Snakes  |     3 |    17 |     2 ||    22
       Summon Butterflie |       |     1 |       ||     1
       Blade Hands       |       |     7 |    22 ||    29
Evoke: Wand              |       |       |     2 ||     2
  Use: Scroll            |     1 |       |     6 ||     7
       Potion            |       |     1 |     1 ||     2
 Stab: Sleeping          |       |     1 |       ||     1
       Distracted        |       |     1 |       ||     1
  Eat: Chunk             |    12 |    14 |    16 ||    42
Armor: Skin              |    10 |    12 |     7 ||    29
Dodge: Dodged            |   146 |   196 |   107 ||   449
